[Event "Titled Tuesday Blitz June 13 Early 2023"]
[White "Haug, Havard"]
[Black "Atakhan, Abtin"]
[WhiteFideId "1547887"]
[BlackFideId "22502203"]
[WhiteElo "2396"]
[BlackElo "2008"]
[Result "1-0"]
[Round "8"]
[TimeControl "180+2"]
[Date "2023.06.13"]
[WhiteClock "0:00:14"]
[BlackClock "0:00:03"]
[Board "31"]

1. e4 c5 2. c3 Nf6 3. e5 Nd5 4. Nf3 d6 5. Bc4 Nb6 6. Bxf7+ Kxf7 7. e6+ Kg8 8. Ng5 Qe8 9. Qf3 g6 10. h4 h6 11. Nf7 Rh7 12. h5 g5 13. Qf5 Bxe6 14. Qg6+ Bg7 15. Nxh6+ Kf8 16. Qxh7 N8d7 17. Qg6 Nf6 18. Qxg5 Qa4 19. Nf5 Qe4+ 20. Ne3 Qd3 21. Qg6 Qa6 22. h6 Bh8 23. d4 Bf7 24. Qf5 Rc8 25. d5 Re8 26. Rh3 e6 27. Qg5 exd5 28. Rf3 Nbd7 29. Bd2 d4 30. Na3 dxe3 31. Rxe3 Rxe3+ 32. Bxe3 Qd3 33. Rd1 Qa6 34. Bf4 Ke7 35. Bxd6+ Kd8 36. Qe3 Qc6 37. Be5 Kc8 38. Bg3 Qxg2 39. Qf4 Qg1+ 40. Ke2 Bh5+ 41. f3 Qg2+ 42. Ke3 Qxf3+ 43. Qxf3 Bxf3 44. Kxf3 Nh7 45. Nc4 b5 46. Nd6+ Kd8 47. Nf7+ Ke7 48. Nxh8 1-0


[Site "https://www.chess.com"]

[Event "Titled Tuesday Blitz June 13 Early 2023"]
[White "Ingebretsen, Jens E"]
[Black "Gadimbayli, Abdulla"]
[WhiteFideId "1522965"]
[BlackFideId "13404938"]
[WhiteElo "2213"]
[BlackElo "2386"]
[Result "0-1"]
[Round "8"]
[TimeControl "180+2"]
[Date "2023.06.13"]
[WhiteClock "0:00:02"]
[BlackClock "0:00:05"]
[Board "32"]

1. c4 Nf6 2. g3 e6 3. Bg2 d5 4. Nf3 Bd6 5. O-O O-O 6. b3 c5 7. Bb2 d4 8. e3 e5 9. exd4 exd4 10. d3 Nc6 11. Re1 h6 12. Nbd2 Bf5 13. Ne4 Nxe4 14. dxe4 Bh7 15. e5 Bc7 16. e6 fxe6 17. Rxe6 Qd7 18. Qe1 Rae8 19. Bh3 Qf7 20. Nh4 Nb4 21. Rxe8 Rxe8 22. Qd2 Nd3 23. Ba3 Kh8 24. Rd1 Ba5 25. Qxa5 Qxf2+ 26. Kh1 Be4+ 27. Bg2 Bxg2+ 28. Nxg2 Re2 29. Qd8+ Kh7 30. Qd5 Re5 31. Qxb7 Re2 32. Rg1 Qf6 33. h4 Nf2+ 34. Kh2 Ng4+ 35. Kh1 Nf2+ 36. Kh2 d3 37. Qd5 Ng4+ 38. Kh1 Nf2+ 39. Kh2 d2 40. Bb2 Qxb2 41. Qf5+ Kg8 42. Qc8+ Kf7 43. Qd7+ Kg8 44. Qc8+ Kh7 45. Qf5+ g6 46. Qf7+ Qg7 47. Qd5 Ng4+ 48. Kh3 Nf2+ 49. Kh2 h5 50. a3 Qd4 51. Qf7+ Kh6 52. Qf4+ Qxf4 53. Nxf4 Ng4+ 54. Kh3 Rh2# 0-1


[Site "https://www.chess.com"]

[Event "Titled Tuesday Blitz June 13 Early 2023"]
[White "Ezat, Mohamed"]
[Black "Priasmoro, Novendra"]
[WhiteFideId "10600906"]
[BlackFideId "7105029"]
[WhiteElo "2372"]
[BlackElo "2412"]
[Result "0-1"]
[Round "8"]
[TimeControl "180+2"]
[Date "2023.06.13"]
[WhiteClock "0:00:00"]
[BlackClock "0:00:08"]
[Board "33"]

1. d4 Nf6 2. c4 e6 3. Nc3 d5 4. cxd5 Nxd5 5. e4 Nxc3 6. bxc3 c5 7. a3 Nc6 8. Nf3 Be7 9. Bd3 cxd4 10. cxd4 O-O 11. e5 g6 12. Be3 b6 13. h4 Bb7 14. h5 g5 15. h6 Kh8 16. Be4 Na5 17. Bxb7 Nxb7 18. Qd2 Na5 19. Bxg5 Nb3 20. Bxe7 Qxe7 21. Qb2 Nxa1 22. Qxa1 Rac8 23. O-O Rg8 24. Rc1 Rcd8 25. Rc4 Qb7 26. Qc3 Qe4 27. Rc7 Qb1+ 28. Qe1 Qg6 29. g3 Qh5 30. Qe3 Rc8 31. Qf4 f5 32. exf6 Rxc7 33. Qxc7 Qxh6 34. Qe5 Rf8 35. f7+ Qg7 36. Qe4 Qg6 37. Qe5+ Qg7 38. Qe4 Qxf7 39. Kg2 Qxf3+ 40. Qxf3 Rxf3 41. Kxf3 Kg7 42. Ke4 Kf6 43. g4 b5 44. f4 a5 45. Kd3 h6 46. Kc3 Ke7 47. Kd3 Kd6 48. Kc3 Kd5 49. Kd3 b4 0-1


[Site "https://www.chess.com"]

[Event "Titled Tuesday Blitz June 13 Early 2023"]
[White "Djordjevic, Vuk"]
[Black "Ibadov, Dashgyn"]
[WhiteFideId "902098"]
[BlackFideId "24107514"]
[WhiteElo "2463"]
[BlackElo "2208"]
[Result "1-0"]
[Round "8"]
[TimeControl "180+2"]
[Date "2023.06.13"]
[WhiteClock "0:00:12"]
[BlackClock "0:00:00"]
[Board "34"]

1. d4 d5 2. Bf4 Nf6 3. e3 c5 4. c3 Nc6 5. Nd2 Bf5 6. Ngf3 e6 7. Bb5 Bd6 8. Qa4 Bxf4 9. Bxc6+ bxc6 10. Qxc6+ Nd7 11. exf4 O-O 12. O-O Rb8 13. b3 Rb6 14. Qa4 Qc7 15. dxc5 Nxc5 16. Qd4 Rc8 17. c4 Rd6 18. Qe3 Rcd8 19. cxd5 Rxd5 20. Rfc1 Qb6 21. h3 Nd3 22. Qxb6 axb6 23. Rc6 Nxf4 24. Rxb6 g5 25. Nc4 h6 26. Ne3 Rc5 27. b4 Rc3 28. Nxf5 exf5 29. Rxh6 g4 30. hxg4 fxg4 31. Rh4 Ne2+ 32. Kf1 gxf3 33. gxf3 Rc2 34. Kg2 Rdd2 35. a4 Nc3 36. a5 Rxf2+ 37. Kg3 Nd5 38. Rg1 Rfd2 39. a6 1-0


[Site "https://www.chess.com"]

[Event "Titled Tuesday Blitz June 13 Early 2023"]
[White "Rakotomaharo, Fy Antenaina"]
[Black "Jovic, Stanoje"]
[WhiteFideId "13100050"]
[BlackFideId "905020"]
[WhiteElo "2427"]
[BlackElo "2236"]
[Result "1/2-1/2"]
[Round "8"]
[TimeControl "180+2"]
[Date "2023.06.13"]
[WhiteClock "0:00:08"]
[BlackClock "0:00:10"]
[Board "35"]

1. Nf3 Nf6 2. g3 b5 3. Bg2 Bb7 4. O-O c5 5. d3 e6 6. e4 d5 7. e5 Nfd7 8. c4 Qb6 9. cxb5 Qxb5 10. d4 cxd4 11. Nxd4 Qb6 12. Nc3 Nc6 13. Nxc6 Bxc6 14. Be3 Bc5 15. Bxc5 Qxc5 16. Rc1 Qb6 17. Na4 Bxa4 18. Qxa4 Rd8 19. Rc6 Qxb2 20. Rc7 Qxe5 21. Rxa7 Qd6 22. Rc1 O-O 23. Rc6 Qe5 24. Rcc7 Nf6 25. Qa5 Qd6 26. Ra6 Qe5 27. Raa7 Rb8 28. Bf3 Ne4 29. Qa3 g6 30. Qe3 Qf5 31. Bxe4 dxe4 32. Kg2 Rb5 33. Rc4 Re5 34. Raa4 Qf3+ 35. Qxf3 exf3+ 36. Kxf3 Rd8 37. Ra7 Rf5+ 38. Rf4 Rd2 39. Rxf5 gxf5 40. h4 Kg7 41. a4 Kf6 42. a5 Ra2 43. a6 e5 44. Ke3 Ra3+ 45. Ke2 f4 46. gxf4 e4 47. h5 h6 48. Ra8 Kf5 49. Rf8 Rxa6 50. Rxf7+ Kg4 51. Ke3 Kxh5 52. Kxe4 Kg6 53. Rb7 h5 54. Rb5 h4 55. Rg5+ Kh6 56. Kf3 Ra2 57. Rf5 h3 58. Kg4 Rxf2 59. Rh5+ Kg6 60. Rxh3 Rg2+ 61. Kf3 Ra2 62. Rg3+ Kf5 63. Rg5+ Kf6 64. Rb5 Ra1 65. Rc5 Rf1+ 66. Ke3 Re1+ 67. Kf2 Ra1 68. Rb5 Ra2+ 69. Kf3 Ra1 70. Rb6+ Kf5 71. Rb5+ Kf6 1/2-1/2


[Site "https://www.chess.com"]

[Event "Titled Tuesday Blitz June 13 Early 2023"]
[White "Skawinski, Arkadiusz"]
[Black "Le, Tuan Minh"]
[WhiteFideId "1126415"]
[BlackFideId "12401153"]
[WhiteElo "2218"]
[BlackElo "2566"]
[Result "0-1"]
[Round "8"]
[TimeControl "180+2"]
[Date "2023.06.13"]
[WhiteClock "0:02:17"]
[BlackClock "0:02:38"]
[Board "36"]

1. e4 c5 2. Nf3 Nf6 3. e5 Nd5 4. Nc3 e6 5. Nxd5 exd5 6. d4 Nc6 7. dxc5 Bxc5 8. Qxd5 d6 9. exd6 Qb6 10. Qe4+ Be6 11. Bc4 Bxf2+ 12. Kf1 O-O 13. Bxe6 fxe6 14. Qxe6+ Kh8 15. Bg5 Bd4 16. Re1 Qb5+ 0-1


[Site "https://www.chess.com"]

[Event "Titled Tuesday Blitz June 13 Early 2023"]
[White "Yeletsky, Ivan"]
[Black "Arabidze, Meri"]
[WhiteFideId "24180327"]
[BlackFideId "13604040"]
[WhiteElo "2380"]
[BlackElo "2405"]
[Result "1-0"]
[Round "8"]
[TimeControl "180+2"]
[Date "2023.06.13"]
[WhiteClock "0:01:58"]
[BlackClock "0:00:00"]
[Board "37"]

1. e4 c5 2. Nf3 e6 3. d4 c4 4. Bxc4 d5 5. Bf1 dxe4 6. Ng5 Nf6 7. Nc3 Nc6 8. Ngxe4 Nxe4 9. Nxe4 Nxd4 10. c3 Nc6 11. Qxd8+ Nxd8 12. Bf4 f6 13. O-O-O e5 14. Bb5+ Nc6 15. Be3 Bd7 16. Nd6+ Bxd6 17. Rxd6 O-O-O 18. Rhd1 Kc7 19. Bxa7 Bf5 20. Rxd8 Rxd8 21. Rxd8 Nxd8 22. Be3 Be4 23. f3 Bc6 24. Bd3 g6 25. b4 f5 26. b5 Be8 27. a4 b6 28. Kb2 Bf7 29. Ka3 Nb7 30. Kb4 Be6 31. c4 Bf7 32. c5 bxc5+ 33. Bxc5 Bd5 34. a5 e4 35. Be2 f4 36. a6 Nd8 37. b6+ Kb8 38. Bd6+ Ka8 39. Kc5 exf3 40. gxf3 Be6 41. Bd3 1-0


[Site "https://www.chess.com"]

[Event "Titled Tuesday Blitz June 13 Early 2023"]
[White "Domingo Nunez, Alejandro"]
[Black "Gharibyan, Mamikon"]
[WhiteFideId "22245561"]
[BlackFideId "13308300"]
[WhiteElo "2291"]
[BlackElo "2445"]
[Result "1/2-1/2"]
[Round "8"]
[TimeControl "180+2"]
[Date "2023.06.13"]
[WhiteClock "0:00:07"]
[BlackClock "0:00:09"]
[Board "38"]

1. Nf3 d5 2. g3 Nc6 3. d4 Bf5 4. Bg2 e6 5. O-O Nf6 6. Nh4 Be4 7. f3 Bg6 8. Nxg6 hxg6 9. c3 e5 10. e4 dxe4 11. fxe4 exd4 12. e5 Nd7 13. cxd4 Nxd4 14. Be3 Nf5 15. Bf2 Bc5 16. Bxb7 Rb8 17. Bc6 Bxf2+ 18. Rxf2 Rb6 19. Qd5 Qe7 20. Rd2 O-O 21. Bxd7 Rd8 22. Nc3 c6 23. Qd3 Rb7 24. e6 Kh7 25. Qe2 fxe6 26. Bxc6 Rxd2 27. Qxd2 Qc5+ 28. Qf2 Qxc6 29. Re1 Rd7 30. Ne4 Qc4 31. Ng5+ Kh6 32. Nxe6 Qd3 33. Nf4 Qd4 34. Re6 Qxf2+ 35. Kxf2 Rd2+ 36. Ke1 Rxb2 37. Rxg6+ Kh7 38. h4 Rxa2 39. h5 a5 40. g4 Nh4 41. Ra6 Nf3+ 42. Kd1 Rd2+ 43. Kc1 Rd4 44. Ne6 Rxg4 45. Nf8+ Kg8 46. Ng6 Rg5 47. Ra8+ Kf7 48. Rf8+ Ke6 49. Rxf3 Kd5 50. Ra3 Kc4 51. Ra4+ Kb5 52. Re4 Rxh5 53. Re5+ Rxe5 54. Nxe5 g5 55. Kb2 Kc5 56. Ka3 Kd5 57. Nf3 g4 58. Nh4 g3 59. Ng2 Ke4 60. Ka4 Kf3 61. Nh4+ Kg4 62. Ng2 Kh3 63. Nf4+ Kg4 64. Ng2 Kf3 65. Nh4+ Kf2 66. Kxa5 g2 67. Nxg2 1/2-1/2


[Site "https://www.chess.com"]

[Event "Titled Tuesday Blitz June 13 Early 2023"]
[White "Molina, Roberto Junio Brito"]
[Black "Fiorito, Joaquin"]
[WhiteFideId "2109450"]
[BlackFideId "180173"]
[WhiteElo "2376"]
[BlackElo "2199"]
[Result "1-0"]
[Round "8"]
[TimeControl "180+2"]
[Date "2023.06.13"]
[WhiteClock "0:00:18"]
[BlackClock "0:00:01"]
[Board "39"]

1. d4 Nf6 2. c4 e6 3. Nf3 d5 4. Nc3 Bb4 5. Bg5 h6 6. Bxf6 Qxf6 7. Qa4+ Nc6 8. e3 O-O 9. Rc1 Rd8 10. Qc2 dxc4 11. Bxc4 e5 12. d5 Ne7 13. O-O Bg4 14. Ne4 Qf5 15. a3 Bd6 16. Nfd2 Qg6 17. Nxd6 cxd6 18. Qxg6 Nxg6 19. f3 Bf5 20. e4 Bd7 21. Rc3 Rac8 22. Rfc1 Kf8 23. Kf2 Ke7 24. Ke3 f5 25. exf5 Bxf5 26. g3 a6 27. a4 Nf8 28. Bd3 Rxc3 29. Rxc3 Bxd3 30. Kxd3 Kd7 31. Nc4 Rb8 32. Nb6+ Kd8 33. Ke4 g6 34. f4 exf4 35. gxf4 Nd7 36. a5 Nc5+ 37. Kd4 Nd7 38. Rg3 Nf8 39. Rh3 h5 40. f5 gxf5 41. Rxh5 Ke7 42. Rxf5 Ng6 43. Rh5 Kf6 44. Rh7 Re8 45. Nc4 Re2 46. Rxb7 Nh4 47. Nxd6 Rxh2 48. Rb6 Nf3+ 49. Kc5 Ne5 50. Nc4+ Kf5 51. Nxe5 Kxe5 52. Re6+ Kf5 53. b4 Rc2+ 54. Kd4 Rb2 55. Kc3 Rb1 56. Rxa6 Ke5 57. d6 Ke6 58. Rb6 Kd7 59. Kc4 Rc1+ 60. Kb5 Ra1 61. a6 Ke6 62. Rc6 Kd7 63. Rc2 Kxd6 64. Kb6 1-0


[Site "https://www.chess.com"]

[Event "Titled Tuesday Blitz June 13 Early 2023"]
[White "Krzyzanowski, Marcin"]
[Black "Wadsworth, Matthew J"]
[WhiteFideId "1132199"]
[BlackFideId "415804"]
[WhiteElo "2471"]
[BlackElo "2347"]
[Result "1-0"]
[Round "8"]
[TimeControl "180+2"]
[Date "2023.06.13"]
[WhiteClock "0:00:29"]
[BlackClock "0:00:00"]
[Board "40"]

1. Nf3 d5 2. g3 Nd7 3. d4 Nb6 4. Bg2 Nf6 5. c3 Bf5 6. Nh4 e6 7. Nxf5 exf5 8. O-O Bd6 9. a4 a5 10. Na3 c6 11. Nc2 O-O 12. b3 Re8 13. Qd3 g6 14. Bg5 Be7 15. f3 Nfd7 16. Bh6 Bg5 17. Bxg5 Qxg5 18. Rae1 Nf6 19. e3 h5 20. c4 h4 21. c5 Nbd7 22. gxh4 Qxh4 23. Qd2 Kg7 24. Qf2 Rh8 25. Qxh4 Rxh4 26. Re2 Rah8 27. Bh1 Nf8 28. Ne1 Ne6 29. f4 Ng4 30. Nf3 R4h5 31. Rb1 Ra8 32. b4 axb4 33. Rxb4 Nd8 34. Ne5 Nf6 35. Bf3 Rh8 36. Reb2 Ra7 37. Kg2 Ne4 38. Bxe4 fxe4 39. Nd7 f6 40. Ra2 Nf7 41. a5 Rha8 42. Rab2 Rxa5 43. Rxb7 R8a7 44. Nb8 Rxb7 45. Rxb7 Ra2+ 46. Kg3 Ra3 47. Kf2 Ra2+ 48. Kf1 Ra1+ 49. Ke2 Ra2+ 50. Kd1 Ra1+ 51. Kc2 Ra2+ 52. Kc1 Rxh2 53. Nxc6 1-0


[Site "https://www.chess.com"]

[Event "Titled Tuesday Blitz June 13 Early 2023"]
[White "Kumsiashvili, Nikoloz"]
[Black "Zemlyanskii, Ivan"]
[WhiteFideId "13600621"]
[BlackFideId "24249971"]
[WhiteElo "2299"]
[BlackElo "2421"]
[Result "1-0"]
[Round "8"]
[TimeControl "180+2"]
[Date "2023.06.13"]
[WhiteClock "0:00:11"]
[BlackClock "0:00:01"]
[Board "41"]

1. Nf3 d5 2. d4 Nf6 3. c4 c6 4. Nc3 dxc4 5. a4 Bf5 6. Ne5 e6 7. f3 Nbd7 8. Nxd7 Nxd7 9. e4 Bg6 10. Bxc4 Bb4 11. O-O O-O 12. Be3 e5 13. d5 Nb6 14. Bb3 Bxc3 15. bxc3 cxd5 16. exd5 Qc7 17. c4 Nd7 18. Rc1 Nc5 19. Bc2 Bxc2 20. Qxc2 Rac8 21. Rfd1 Rfd8 22. Kh1 Qa5 23. Bxc5 Qxc5 24. Qb3 b6 25. h3 g6 26. Qb5 Rc7 27. Qb3 Rd6 28. Rc3 Re7 29. Re3 f6 30. Qd3 Rc7 31. Re4 Qb4 32. f4 f5 33. Rxe5 Qxc4 34. Re8+ Kg7 35. Re7+ Kf8 36. Qxc4 Rxc4 37. Rxa7 Rxf4 38. Rc1 Re4 39. Rc8+ Re8 40. Rcc7 Re1+ 41. Kh2 Rxd5 42. Rf7+ Kg8 43. Rxh7 Re2 44. Rag7+ Kf8 45. Ra7 Kg8 46. Rag7+ Kf8 47. Rxg6 Rd4 48. Rxb6 Rxa4 49. Rb8+ Re8 50. Rh8+ Kg7 51. Rbxe8 f4 52. Reg8+ Kf6 53. Rf8+ Kg7 54. Rhg8+ Kh7 55. Rg4 1-0


[Site "https://www.chess.com"]

[Event "Titled Tuesday Blitz June 13 Early 2023"]
[White "Pastar, Slaven"]
[Black "Miladinovic, Igor"]
[WhiteFideId "14402718"]
[BlackFideId "4203380"]
[WhiteElo "2219"]
[BlackElo "2568"]
[Result "0-1"]
[Round "8"]
[TimeControl "180+2"]
[Date "2023.06.13"]
[WhiteClock "0:00:01"]
[BlackClock "0:00:58"]
[Board "42"]

1. b3 e5 2. Bb2 Nc6 3. Nf3 Bd6 4. d4 Qe7 5. d5 Nd8 6. e4 Bb4+ 7. c3 Bc5 8. b4 Bb6 9. Nbd2 d6 10. Nc4 f5 11. Nfd2 Nf6 12. Bd3 Nf7 13. a4 Ng4 14. Nxb6 axb6 15. exf5 Ngh6 16. Qh5 e4 17. Bb5+ Bd7 18. Bxd7+ Kxd7 19. O-O g6 20. fxg6 hxg6 21. Qe2 Ng5 22. h4 Nf5 23. hxg5 Qh7 24. f3 e3 0-1


[Site "https://www.chess.com"]

[Event "Titled Tuesday Blitz June 13 Early 2023"]
[White "Camilla_Lee"]
[Black "Rahman, Masruri"]
[BlackFideId "7101163"]
[WhiteElo "2595"]
[BlackElo "2256"]
[Result "0-1"]
[Round "8"]
[TimeControl "180+2"]
[Date "2023.06.13"]
[WhiteClock "0:00:06"]
[BlackClock "0:00:19"]
[Board "43"]

1. e4 e6 2. d4 d5 3. e5 c5 4. c3 Nc6 5. Nf3 Qb6 6. a3 Nh6 7. b4 cxd4 8. cxd4 Nf5 9. Bb2 a5 10. b5 a4 11. g4 Nh6 12. h3 Na5 13. Nbd2 Bd7 14. Qxa4 Be7 15. Bd3 O-O 16. O-O Rfc8 17. Rfc1 Nc4 18. Qb3 Qxb5 19. Qxb5 Bxb5 20. a4 Bxa4 21. Bxc4 dxc4 22. Nxc4 Bc6 23. Nb6 Rxa1 24. Rxa1 Rd8 25. Nd2 f5 26. f3 Bg5 27. Ndc4 Bxf3 28. Kf2 fxg4 29. hxg4 Bxg4 30. Nd6 Rf8+ 31. Kg3 Rf3+ 32. Kg2 Rf8 33. Ba3 Be3 34. Bc5 Nf5 35. Nxf5 Rxf5 36. Ra8+ Kf7 37. Rb8 Kg6 38. Rxb7 Bf3+ 39. Kg3 Bxb7 0-1


[Site "https://www.chess.com"]

[Event "Titled Tuesday Blitz June 13 Early 2023"]
[White "Thecourseoisildur"]
[Black "Weetik, Vjacheslav"]
[BlackFideId "4153472"]
[WhiteElo "2594"]
[BlackElo "2469"]
[Result "0-1"]
[Round "8"]
[TimeControl "180+2"]
[Date "2023.06.13"]
[WhiteClock "0:00:00"]
[BlackClock "0:00:04"]
[Board "44"]

1. e4 c6 2. d4 d5 3. e5 Bf5 4. h4 Qb6 5. a4 h6 6. a5 Qc7 7. Bd3 Bxd3 8. Qxd3 e6 9. c3 c5 10. Ne2 a6 11. dxc5 Bxc5 12. b4 Ba7 13. Qg3 Nd7 14. Bf4 Ne7 15. Nd2 Ng6 16. Nf3 h5 17. O-O Rc8 18. Rfe1 Qc4 19. Ned4 Nxf4 20. Qxf4 Nf8 21. Qg5 Rh7 22. Rac1 Qc7 23. Qe3 Ng6 24. Ng5 Rh8 25. Qf3 Qe7 26. Qe3 Kf8 27. Qf3 Kg8 28. Qg3 Rc4 29. Ngxe6 Rh6 0-1


[Site "https://www.chess.com"]

[Event "Titled Tuesday Blitz June 13 Early 2023"]
[White "Budrewicz, Krzysztof"]
[Black "Sattarov, Bobir"]
[WhiteFideId "1127950"]
[BlackFideId "14203081"]
[WhiteElo "2230"]
[BlackElo "2351"]
[Result "1-0"]
[Round "8"]
[TimeControl "180+2"]
[Date "2023.06.13"]
[WhiteClock "0:00:57"]
[BlackClock "0:00:00"]
[Board "45"]

1. d4 Nf6 2. c4 e6 3. Nf3 d5 4. Nc3 Bb4 5. Bd2 O-O 6. e3 Nc6 7. Bd3 Qe7 8. a3 Bxc3 9. Bxc3 Ne4 10. Bxe4 dxe4 11. Nd2 f5 12. O-O Rd8 13. Qe2 b6 14. b4 Bb7 15. b5 Nb8 16. f3 exf3 17. gxf3 Nd7 18. e4 Re8 19. a4 c5 20. bxc6 Bxc6 21. a5 Rac8 22. axb6 axb6 23. Ra7 Qg5+ 24. Kh1 Re7 25. Rg1 Qh6 26. Qg2 fxe4 27. fxe4 Ra8 28. Rxa8+ Bxa8 29. d5 exd5 30. exd5 b5 31. Ra1 Nb6 32. Bd4 Bb7 33. Bc5 Rf7 34. Re1 Nd7 35. Be3 Qh5 36. Rb1 1-0


[Site "https://www.chess.com"]

[Event "Titled Tuesday Blitz June 13 Early 2023"]
[White "Maximov, Dmitry"]
[Black "Mendez Fortes, Eduardo Jesus"]
[WhiteFideId "14105659"]
[BlackFideId "3502376"]
[WhiteElo "2494"]
[BlackElo "2307"]
[Result "1-0"]
[Round "8"]
[TimeControl "180+2"]
[Date "2023.06.13"]
[WhiteClock "0:00:35"]
[BlackClock "0:00:18"]
[Board "46"]

1. e4 c5 2. Nf3 d6 3. c3 Nf6 4. Bc4 Nc6 5. d3 e5 6. Ng5 d5 7. exd5 Na5 8. O-O Nxc4 9. dxc4 h6 10. Nf3 Bg4 11. h3 Bh5 12. Re1 Bd6 13. Bf4 O-O 14. Bxe5 Bxf3 15. Bxf6 Qxf6 16. Qxf3 Qh4 17. Nd2 Rfe8 18. Re4 Qg5 19. Rae1 Rxe4 20. Nxe4 Qe5 21. Kf1 Qh2 22. Nxd6 Qxd6 23. Qg3 Qa6 24. Qd3 Qxa2 25. d6 Qa4 26. d7 Rd8 27. Re7 Kf8 28. Qd6 Kg8 29. Kg1 Kh7 30. Qc7 Qd1+ 31. Kh2 Qd2 32. Rxf7 Rg8 33. Qxc5 Kh8 34. Qd4 Qg5 35. f4 Qg6 36. d8=Q Qxf7 37. Q8d6 Re8 38. Qxh6+ Kg8 39. Qg5 Re6 40. f5 Rf6 41. Qd8+ Kh7 42. Qd5 Qe7 43. Qh4+ 1-0


[Site "https://www.chess.com"]

[Event "Titled Tuesday Blitz June 13 Early 2023"]
[White "Shuvalova, Polina"]
[Black "Safin, Robert"]
[WhiteFideId "24171760"]
[BlackFideId "34189120"]
[WhiteElo "2281"]
[BlackElo "2341"]
[Result "0-1"]
[Round "8"]
[TimeControl "180+2"]
[Date "2023.06.13"]
[WhiteClock "0:00:11"]
[BlackClock "0:00:10"]
[Board "47"]

1. e4 e6 2. d4 d5 3. exd5 exd5 4. Nf3 Bd6 5. Bd3 Nc6 6. c3 Nge7 7. O-O O-O 8. Qc2 g6 9. Bh6 Re8 10. Bg5 Bg4 11. Nbd2 Qd7 12. Rae1 Bf5 13. Ne5 Bxe5 14. dxe5 Bxd3 15. Qxd3 Nf5 16. f4 h5 17. Nf3 Nd8 18. Bf6 Ne6 19. Ng5 Nxg5 20. Bxg5 a6 21. Rd1 Qb5 22. b3 Qxd3 23. Rxd3 c6 24. h3 h4 25. Rfd1 b5 26. Kf2 a5 27. Kf3 a4 28. b4 Kg7 29. Kg4 Rh8 30. Bf6+ Kh7 31. Bxh4 Nxh4 32. Kxh4 Kg7+ 33. Kg4 Rae8 34. Re3 Rh5 35. h4 Kf8 36. g3 Re6 37. Kf3 Kg7 38. Rh1 Re8 39. g4 Rh7 40. f5 Rh6 41. f6+ Kg8 42. g5 Rh5 43. Kg4 Kf8 44. Rhe1 Re6 45. Rd1 Ke8 46. a3 Kd7 47. c4 bxc4 48. b5 Kc7 49. bxc6 Kxc6 50. Rb1 d4 51. Re4 Kd5 52. Ree1 d3 53. Rb5+ Kd4 54. Rb4 d2 55. Rd1 Kd3 56. Rb7 c3 57. Rxf7 c2 58. Rd7+ Ke3 59. R7xd2 cxd1=Q+ 60. Rxd1 Rxe5 61. Re1+ Kd4 62. f7 Rh8 63. Rf1 Re4+ 64. Kg3 Rf8 65. Rf6 Ke5 66. Rf3 Rd4 67. Kh3 Ke6 68. h5 gxh5 69. g6 Rg4 70. Re3+ Kf6 71. Rc3 Kg7 72. Rc6 Rxg6 73. Rc4 Rxf7 74. Rxa4 Rgf6 75. Rh4 Kh6 76. Ra4 Rf3+ 77. Kh2 R3f4 78. Ra6+ R7f6 79. Ra5 R4f5 80. Ra8 Kg5 81. Rg8+ Kh4 82. Kg2 Rg5+ 83. Rxg5 Kxg5 0-1


[Site "https://www.chess.com"]

[Event "Titled Tuesday Blitz June 13 Early 2023"]
[White "Jaskolka, Tomasz"]
[Black "Starozhilov, Leonid"]
[WhiteFideId "1170791"]
[BlackFideId "14106752"]
[WhiteElo "2155"]
[BlackElo "2352"]
[Result "0-1"]
[Round "8"]
[TimeControl "180+2"]
[Date "2023.06.13"]
[WhiteClock "0:00:16"]
[BlackClock "0:00:11"]
[Board "48"]

1. d4 Nf6 2. Nc3 g6 3. Bf4 d6 4. e4 Nc6 5. Nf3 Bg4 6. Be2 Bg7 7. Qd2 O-O 8. O-O-O Bxf3 9. Bxf3 e5 10. dxe5 dxe5 11. Bg5 Nd4 12. Qe3 Qd7 13. Bh6 Ng4 14. Bxg4 Qxg4 15. Rhg1 Rad8 16. f3 Qe6 17. h4 c6 18. h5 b5 19. hxg6 fxg6 20. Bxg7 Kxg7 21. Rh1 Rd7 22. Kb1 Rfd8 23. Ne2 Nxe2 24. Qxe2 Rxd1+ 25. Rxd1 Rxd1+ 26. Qxd1 Qe7 27. b3 h5 28. Qd3 Kh6 29. Qe3+ Kg7 30. g3 g5 31. Kb2 h4 32. gxh4 gxh4 33. Qg1+ Kh6 34. Qg4 Qf6 35. Kc3 a5 36. Kd3 Qd6+ 37. Ke2 Qf6 38. Ke3 Qg5+ 39. Qxg5+ Kxg5 40. Kf2 Kf4 41. Kg2 Ke3 42. c3 c5 43. a3 b4 44. cxb4 cxb4 45. axb4 axb4 46. Kh3 Kxf3 47. Kxh4 Kxe4 48. Kg3 Kd3 49. Kf2 e4 50. Ke1 Ke3 51. Kd1 Kf2 52. Kd2 e3+ 53. Kd3 e2 54. Kc4 e1=Q 55. Kb5 Qc3 56. Ka4 Ke3 57. Kb5 Qxb3 58. Ka5 Qc3 59. Kb5 b3 60. Ka4 b2 61. Kb5 b1=Q+ 62. Ka4 Qca1# 0-1


[Site "https://www.chess.com"]

[Event "Titled Tuesday Blitz June 13 Early 2023"]
[White "Fieberg, Samuel"]
[Black "Matinian, Nikita"]
[WhiteFideId "12901717"]
[BlackFideId "24129100"]
[WhiteElo "2574"]
[BlackElo "2422"]
[Result "0-1"]
[Round "8"]
[TimeControl "180+2"]
[Date "2023.06.13"]
[WhiteClock "0:01:03"]
[BlackClock "0:01:55"]
[Board "49"]

1. e4 g6 2. d4 Bg7 3. Nf3 d6 4. Bd3 e5 5. c3 Nd7 6. O-O Ngf6 7. h3 O-O 8. Re1 Re8 9. Nbd2 b6 10. Nf1 Bb7 11. Ng3 exd4 12. cxd4 c5 13. Bc4 cxd4 14. Qb3 d5 15. Bxd5 Nxd5 16. exd5 Rxe1+ 17. Nxe1 Nc5 18. Qd1 Qxd5 19. f3 d3 20. Rb1 Re8 21. b4 Qe5 22. bxc5 Qxe1+ 23. Qxe1 Rxe1+ 24. Kf2 d2 0-1


[Site "https://www.chess.com"]

[Event "Titled Tuesday Blitz June 13 Early 2023"]
[White "Rastbod, Ali"]
[Black "Yelisieiev, Yevhenii"]
[WhiteFideId "12567477"]
[BlackFideId "14139642"]
[WhiteElo "2281"]
[BlackElo "2403"]
[Result "0-1"]
[Round "8"]
[TimeControl "180+2"]
[Date "2023.06.13"]
[WhiteClock "0:01:17"]
[BlackClock "0:00:22"]
[Board "50"]

1. e4 d6 2. d4 Nf6 3. Nc3 e5 4. Nf3 Nbd7 5. Rg1 c6 6. g4 g6 7. h4 h5 8. g5 Ng4 9. Bh3 Bg7 10. dxe5 Ndxe5 11. Nxe5 Nxe5 12. Bxc8 Rxc8 13. Be3 O-O 14. Qe2 Qa5 15. O-O-O b5 16. Bd4 b4 17. Nb1 Qxa2 18. Rg3 c5 19. Bxe5 Bxe5 20. Rb3 a5 21. Qc4 a4 22. Rxb4 Bf4+ 23. Rd2 Bxd2+ 24. Kxd2 Qxb1 25. Rxa4 Qxb2 0-1


[Site "https://www.chess.com"]

[Event "Titled Tuesday Blitz June 13 Early 2023"]
[White "Aloma Vidal, Robert"]
[Black "Quintiliano Pinto, Renato R."]
[WhiteFideId "2260409"]
[BlackFideId "2117568"]
[WhiteElo "2435"]
[BlackElo "2459"]
[Result "0-1"]
[Round "8"]
[TimeControl "180+2"]
[Date "2023.06.13"]
[WhiteClock "0:00:03"]
[BlackClock "0:00:08"]
[Board "51"]

1. e4 c5 2. c3 Nf6 3. e5 Nd5 4. Nf3 e6 5. Bc4 d6 6. d4 cxd4 7. cxd4 Nc6 8. O-O Be7 9. a3 O-O 10. Bd3 Qc7 11. Qc2 g6 12. Re1 Rd8 13. Nbd2 dxe5 14. dxe5 Nf4 15. Bf1 Nd5 16. Qe4 b6 17. h4 Bb7 18. h5 Rac8 19. Qg4 Bf8 20. hxg6 hxg6 21. Qh4 Be7 22. Qh2 Kg7 23. Ne4 Rh8 24. Qg3 Rh5 25. Bb5 Rch8 26. Kf1 a6 27. Ba4 Na5 28. Nfd2 Nc4 29. Bb3 Nxe5 30. Ke2 a5 31. Nf3 Ba6+ 32. Kd1 Nd3 33. Bd2 Qxg3 34. Nxg3 Nxe1 35. Nxh5+ Rxh5 36. Bxe1 Rh1 37. Kd2 Bf6 38. Kc2 Nf4 39. g3 Nh3 40. Rd1 Be2 41. Rc1 Bxf3 42. Bc4 Be4+ 43. Kb3 Nxf2 44. Bd2 Rxc1 45. Bxc1 Nd3 46. Bb5 Nxc1+ 47. Kc4 Bd3# 0-1


[Site "https://www.chess.com"]